 Dungeon Crawl Stone Soup version 0.31.0-32-g396128a36d (webtiles) character file.

Game seed: 12810045241664362200

99 spaghetti the Caller (level 4, -9/38 HPs)
             Began as a Naga Summoner on Mar 9, 2024.
             Mangled by a sleepcap (10 damage)
             ... on level 4 of the Dungeon.
             The game lasted 00:04:29 (3700 turns).

spaghetti the Caller (Naga Summoner)                Turns: 3700, Time: 00:04:30

Health: -9/38      AC:  5    Str: 11    XL:     4   Next: 72%
Magic:  2/7        EV:  1    Int: 17    God:
Gold:   156        SH:  0    Dex: 11    Spells: 3/8 levels left

rFire   . . .        c - +0 whip
rCold   . . .        (no shield)
rNeg    . . .        a - +0 robe
rPois   +            (no helmet)
rElec   .            n - +0 cloak
rCorr   .            g - +1 pair of gloves
SInv    +            (no barding)
Will    .....        (no amulet)
Stlth   ++           (no ring)
HPRegen 0.26/turn    (no ring)
MPRegen 0.10/turn

%: no passive effects
@: sleeping, inugami summoned, very slow
A: AC +1, large, see invisible, deformed body, poison resistance, slowness 2,
spit poison 1, naga tail 1
a: Spit Poison


You were on level 4 of the Dungeon.
You visited 1 branch of the dungeon, and saw 4 of its levels.

You collected 156 gold pieces.

Inventory:

Hand Weapons
 c - a +0 whip (weapon)
Armour
 a - a +0 robe (worn)
 g - a +1 pair of gloves (worn)
 l - the +7 chain mail of Okawaru {rF+ Stlth+}
   (You found it on level 3 of the Dungeon)

   rF+:       It protects you from fire.
   Stlth+:    It makes you more stealthy.
 n - a +0 cloak (worn)
Wands
 o - a wand of flame (15)
Scrolls
 d - a scroll of enchant weapon
 f - a scroll of fog
 m - a scroll of teleportation {unknown}
Potions
 e - a potion of mutation {unknown}
 h - 2 potions of curing {unknown}
 i - a potion of attraction {unknown}
 k - a potion of lignification {unknown}


   Skills:
 + Level 1.5 Fighting
 + Level 2.2 Dodging
 + Level 4.2 Stealth
 + Level 2.6 Spellcasting
 + Level 4.4 Summonings


You had 3 spell levels left.
You knew the following spells:

 Your Spells              Type           Power      Damage    Failure   Level
b - Call Imp              Summ           34%        N/A       4%          2
c - Call Canine Familiar  Summ           17%        N/A       9%          3

Your spell library contained the following spells:

 Spells                   Type           Power      Damage    Failure   Level
 Summon Small Mammal      Summ           68%        N/A       3%          1
 Summon Ice Beast         Ice/Summ       9%         N/A       22%         3
 Gell's Gravitas          Tloc           2%         N/A       50%         3
 Hailstorm                Conj/Ice       2%         3d5       50%         3
 Teleport Other           Tloc           2%         N/A       50%         3
 Summon Blazeheart Golem  Fire/Summ      9%         N/A       58%         4
 Summon Lightning Spire   Summ/Air       9%         N/A       58%         4
 Dispersal                Tloc           1%         N/A       100%        6
 Sculpt Simulacrum        Ice/Alch       1%         N/A       100%        6


Dungeon Overview and Level Annotations

Branches:
Dungeon (4/15)             Temple (0/1) D:4

Altars:
Hepliaklqana


Innate Abilities, Weirdness & Mutations

Your serpentine skin is tough. (AC +1)
You have supernaturally acute eyesight. (SInv)
Armour fits poorly on your strangely shaped body.
Your system is resistant to poisons. (rPois)
You cover ground very slowly.
You can spit poison.
You have a snake-like lower body.


Message History

The sleepcap is heavily damaged.
The sleepcap releases spores at you but does no damage.
You hit the sleepcap.
The sleepcap is heavily damaged.
The sleepcap closely misses you.
You hit the sleepcap but do no damage.
The sleepcap is heavily damaged.
The sleepcap releases spores at you.
You are engulfed in a cloud of soporific spores!
You fall asleep.
The sleepcap releases spores at you!
You wake up.
* * * LOW HITPOINT WARNING * * *
You are engulfed in a cloud of soporific spores!
You are unaffected.
Unknown command.
The sleepcap attacks as it pursues you! The sleepcap releases spores at you.
* * * LOW HITPOINT WARNING * * *
You are engulfed in a cloud of soporific spores!
You are unaffected.
The sleepcap releases spores at you but does no damage.
You see here 2 boomerangs.
Magic courses through your body. The sleepcap releases spores at you.
* * * LOW HITPOINT WARNING * * *
Casting: Call Canine Familiar (dangerous; 9% risk of failure)
Confirm with . or Enter, or press ? or * to list all spells.
You call for your canine familiar and it appears with a howl!
The sleepcap closely misses you.
Casting: Call Canine Familiar (dangerous; 9% risk of failure)
Confirm with . or Enter, or press ? or * to list all spells.
A tiny devil pulls itself out of the air.
The sleepcap releases spores at you.
* * * LOW HITPOINT WARNING * * *
Your inugami completely misses the sleepcap.
The sleepcap attacks as it pursues you! The sleepcap releases spores at you.
* * * LOW HITPOINT WARNING * * *
You are engulfed in a cloud of soporific spores!
You fall asleep.
Your cerulean imp hits the sleepcap but does no damage.
The sleepcap releases spores at you!
You die...

.# #.# .# ##.## .## #...# ###
..# #...# # .. ..# #...# #.
.# # ..########...# .##.##.#
..##..§§§....###### ......#
>.##.~~§§~........###.....###
....~§§~§§§....5@fh......?...
#.#.~§~>~§~.......###.....###
#.##§§§~§~§..###### #.....#
#.##.~~§§~...# #.....#
#.##..~§§...... #>#.###
#.####...#...#( #.#.# #>#
#...#...# #.... #.# ##...
#..#.#


You could see a sleepcap (ally target), a friendly cerulean imp (summoned) and a
friendly inugami (summoned).

Vanquished Creatures
  A nameless horror (D:4)
  An adder (D:3)
  3 dart slugs
  4 bats
  5 endoplasms
  2 giant cockroaches
  A goblin (D:2)
  4 hobgoblins
  2 quokkas
  5 ball pythons
  4 frilled lizards
  5 kobolds
  A rat (D:1)
38 creatures vanquished.

Vanquished Creatures (collateral kills)
  2 adders
  A dart slug (D:3)
  A ribbon worm (D:3)
  A ball python (D:1)
  3 endoplasms
  2 goblins
  2 hobgoblins (D:2)
  2 quokkas
  A bat (D:1)
  2 frilled lizards (D:1)
  3 kobolds
  3 rats
23 creatures vanquished.

Grand Total: 61 creatures vanquished

Notes
Turn   | Place    | Note
-------+----------+-------------------------------------------
     0 | D:1      | spaghetti the Naga Summoner began the quest for the Orb.
     0 | D:1      | Reached XP level 1. HP: 15/15 MP: 3/3
   164 | D:1      | Reached XP level 2. HP: 24/24 MP: 5/5
   210 | D:1      | Learned a level 2 spell: Call Imp
   873 | D:1      | Reached XP level 3. HP: 30/30 MP: 6/6
   877 | D:1      | Learned a level 3 spell: Call Canine Familiar
  1566 | D:2      | Reached skill level 1 in Fighting
  2078 | D:2      | Reached XP level 4. HP: 38/38 MP: 7/7
  2690 | D:3      | Identified the +7 chain mail of Okawaru {rF+ Stlth+}
  3588 | D:4      | Found a hazy altar of Hepliaklqana.
  3642 | D:4      | Found a staircase to the Ecumenical Temple.
  3667 | D:4      | Noticed a nameless horror
  3688 | D:4      | Killed a nameless horror
  3699 | D:4      | HP: 1/38 [sleepcap (1)]
  3700 | D:4      | Mangled by a sleepcap

Illustrated notes

Levels and vault maps discovered:
D:1:      dpeg_arrival_short_road, layout_basic, roderic_lattice_a,
          minmay_box_of_dots
D:2:      layout_basic
D:3:      layout_basic
D:4:      layout_loops_cross, mainiacjoe_overflow_tiny_flanked,
          mainiacjoe_overflow_small_starburst, minmay_temple_entry_mist,
          ebering_ghost_sewer_d, minmay_misc_feat_diagonals

Skill      XL: |  1  2  3  4 |
---------------+-------------+-----
Fighting       | 1 |  1.5
Dodging        | 2 |  2.2
Stealth        | 4 |  4.2
Spellcasting   | |  2.6
Summonings     | |  4.4

Action                     |  1- 3 |  4- 6 || total
---------------------------+-------+-------++-------
  Melee: Unarmed           |     7 |       ||     7
         Whip              |    92 |    91 ||   183
         Punch             |       |     1 ||     1
  Throw: Throwing net      |       |     1 ||     1
   Cast: Summon Small Mamm |    20 |       ||    20
         Call Imp          |    13 |     8 ||    21
         Call Canine Famil |     7 |     7 ||    14
Ability: Spit Poison       |     5 |       ||     5
    Use: Scroll            |     5 |       ||     5
         Potion            |       |     1 ||     1
   Stab: Sleeping          |     7 |       ||     7
         Distracted        |     1 |     2 ||     3
 Armour: Robe              |    83 |    75 ||   158
  Dodge: Dodged            |    82 |    51 ||   133
